AoeStats
← Lord_Wilfredo

Arabia

509538306Analyzed
1v1 RM · 4d ago on Sep 27, 2026· 52m 47s· 2 players
Game mode
Random Map
Map size
Tiny (2 player)
Population
200
Speed
Normal
Resources
Standard
Victory
Conquest
Starting age
Dark Age
Ending age
Imperial Age
RankedLock teamsTeams togetherTeam positionsShared explorationLock speedFull tech treeHidden civsTurbo modeCheats
Victory
Defeat
🇲🇽 Bengalis · Mexico
1344
+16
🇦🇷 Huns · Argentina
1342
-16
Lord_Wilfredo
6:47 Loom
9:32 Feudal Age
10:03 Double-Bit Axe
14:36 Horse Collar
18:18 Bloodlines
18:45 Forging
19:46 Scale Barding Armor
22:16 Wheelbarrow
25:21 Castle Age
24:20 Fletching
25:26 Crossbowman
26:19 Bodkin Arrow
27:44 Iron Casting
27:31 Chain Barding Armor
28:32 Gold Mining
28:57 Bow Saw
30:04 Padded Archer Armor
35:20 Leather Archer Armor
36:25 Ballistics
39:14 Imperial Age
37:07 Town Watch
43:30 Imperial Age
41:23 Light Cavalry
42:29 Hand Cart
43:10 Thumb Ring
43:36 Cavalier
44:26 Bracer
47:55 Murder Holes
49:01 Chemistry
49:10 Parthian Tactics
51:05 Plate Barding Armor
RZealotSV
7:07 Loom
9:37 Feudal Age
10:45 Horse Collar
10:55 Double-Bit Axe
12:57 Horse Collar
15:36 Forging
24:37 Castle Age
23:35 Wheelbarrow
24:41 Scale Barding Armor
27:11 Chain Barding Armor
27:23 Heavy Plow
27:36 Bow Saw
28:14 Gold Mining
28:51 Fletching
29:32 Bodkin Arrow
29:56 Padded Archer Armor
30:53 Husbandry
30:13 Light Cavalry
31:05 Bloodlines
41:49 Imperial Age
40:06 Leather Archer Armor
42:05 Iron Casting
43:10 Plate Barding Armor
44:03 Elite Battle Elephant
46:48 Two-Man Saw
46:13 Conscription
47:48 Blast Furnace
48:24 Hand Cart
Connection lost

Rejoining the realm…

Still unreachable

The connection could not be restored.

Session expired

The server has moved on; the page needs a fresh start.